 Dungeon Crawl Stone Soup version 0.23-a0-573-g25f4479 (webtiles) character file.

56 Chrysalice the Digger (level 3, 0/19 HPs)
             Began as a Gargoyle Earth Elementalist on Dec 13, 2018.
             Slain by a slave (2 damage)
             ... led by Pikel
             ... on level 4 of the Dungeon.
             The game lasted 00:13:40 (2914 turns).

Chrysalice the Digger (Gargoyle Earth Elementalist) Turns: 2914, Time: 00:13:41

Health: 0/19       AC:  6    Str: 11    XL:     3   Next: 97%
Magic:  3/6        EV: 12    Int: 16    God:
Gold:   161        SH:  0    Dex: 10    Spells: 0/6 levels left

rFire    . . .     SeeInvis .   j - +0 dagger
rCold    . . .     Gourm    .   (no shield)
rNeg     + . .     Faith    .   c - +0 robe
rPois    ∞         Spirit   .   r - +0 helmet
rElec    +         Reflect  .   (no cloak)
rCorr    .         Harm     .   (no gloves)
MR       .....                  (no boots)
Stlth    ++........             g - amulet of magic regeneration
HPRegen  0.06/turn              (no ring)
MPRegen  0.35/turn              (no ring)

@: very slightly contaminated
A: negative energy resistance 1, electricity resistance, unbreathing,
petrification resistance, rot immunity, AC +3
a: no special abilities


You were on level 4 of the Dungeon.
You were hungry.

You visited 1 branch of the dungeon, and saw 4 of its levels.

You collected 161 gold pieces.

Inventory:

Hand Weapons
 j - a +0 dagger (weapon)
Missiles
 b - 40 stones (quivered)
Armour
 c - a +0 robe (worn)
 r - a +0 helmet (worn)
Jewellery
 g - an amulet of magic regeneration (around neck)
Scrolls
 e - a scroll of amnesia
 f - 3 scrolls of teleportation
 i - 2 scrolls of immolation
 l - a scroll of fear {unknown}
 o - 2 scrolls of blinking {unknown}
 p - a scroll of remove curse {unknown}
Potions
 a - a potion of might {unknown}
 h - 2 potions of haste {unknown}
 k - 2 potions of agility {unknown}
 m - a potion of lignification {unknown}
 n - 2 potions of curing {unknown}
Comestibles
 d - 5 rations


   Skills:
 + Level 0.3 Short Blades
 + Level 0.3 Throwing
 + Level 2.0 Dodging
 + Level 2.5 Stealth
 + Level 1.2 Unarmed Combat
 + Level 2.3 Spellcasting
 + Level 0.1 Conjurations
 + Level 0.7 Transmutations
 + Level 4.3 Earth Magic


You couldn't memorise any spells.
You knew the following spells:

 Your Spells              Type           Power        Failure   Level  Hunger
a - Sandblast             Erth           ###...       3%          1    #......
b - Stone Arrow           Conj/Erth      #.....       24%         3    ###....
c - Passwall              Tmut/Erth      #.......     11%         2    ###....

Your spell library contained the following spells:

 Spells                   Type           Power        Failure   Level  Hunger
 Petrify                  Tmut/Erth      #.......     56%         4    #####..
 Lee's Rapid Deconstruct  Erth           ###.......   67%         5    ######.


Dungeon Overview and Level Annotations

Branches:
Dungeon (4/15)
 Temple: D:4-7

Altars:
Xom


Innate Abilities, Weirdness & Mutations

You are resistant to torment.
Your stone body is resilient. (AC +3)
You are immune to poison.
You resist negative energy. (rN+)
You are resistant to electric shocks. (rElec)
You can survive without breathing.
You are immune to petrification.
You are immune to rotting.


Message History

Aim: a worm (severely wounded)
You miscast Stone Arrow.
You are very lightly contaminated with residual magic.
Your skin tingles.
The worm barely misses you.
You hit the worm.
The worm is severely wounded.
You hit the worm.
The worm is severely wounded.
The worm bites you.
You hit the worm but do no damage.
The worm is severely wounded.
The worm bites you.
You hit the worm.
The worm is severely wounded.
The slave hits you. The slave hits you!
* * * LOW HITPOINT WARNING * * *
The slave hits you.
You die...

#........##
#.........$
##.........#
..........#
#.........#
#.........#
##.......##
#..@......#
#...p.....#
#..w......#
#.........#
#.........#
##.......##
##.....##
#######


You could see a slave and a worm.

Vanquished Creatures
  An ooze (D:1)
  A worm (D:2)
  2 leopard geckos
  An orc (D:3)
  3 ball pythons
  3 giant cockroaches
  6 goblins
  5 hobgoblins
  5 kobolds
  2 quokkas (D:2)
  2 bats
  5 frilled lizards
  7 rats
43 creatures vanquished.

Notes
Turn   | Place    | Note
-------+----------+-------------------------------------------
     0 | D:1      | Chrysalice the Gargoyle Earth Elementalist began the quest
                  | for the Orb.
     0 | D:1      | Reached XP level 1. HP: 10/10 MP: 3/3
   360 | D:1      | Reached skill level 4 in Earth Magic
   360 | D:1      | Reached XP level 2. HP: 13/15 MP: 0/5
   690 | D:1      | Reached XP level 3. HP: 18/19 MP: 4/6
   695 | D:1      | Learned a level 3 spell: Stone Arrow
   866 | D:1      | Learned a level 2 spell: Passwall
   896 | D:2      | Found a shimmering altar of Xom.
  1167 | D:2      | Reached skill level 1 in Unarmed Combat
  2904 | D:4      | Noticed a slave
  2914 | D:4      | Slain by a slave

Vault maps used:
D:1:      shiori_arrival_maze
D:2:      lemuel_round_altar
D:4:      temple_fountains, kennysheep_nondescript, uniq_pikel,
          uniq_blork_the_orc

Skill      XL: |  1  2  3 |
---------------+----------+-----
Earth Magic    | 4 |  4.3
Unarmed Combat | 1 |  1.2
Dodging        | 2 |  2.0
Short Blades   | |  0.3
Throwing       | |  0.3
Stealth        | |  2.5
Spellcasting   | |  2.3
Conjurations   | |  0.1
Transmutations | |  0.7

Action                   || total
-------------------------++-------
Melee: Unarmed           ||    76
       Dagger            ||    51
Throw: Stone             ||    26
 Cast: Sandblast         ||    30
       Stone Arrow       ||    11
       Passwall          ||     1
  Use: Scroll            ||     5
 Stab: Sleeping          ||     3
  Eat: Chunk             ||     8
Armor: Robe              ||    40
Dodge: Dodged            ||    73

Table legend:
 A = Non-vault XP
 B = Vault XP
 C = Vault XP percentage of total XP
 D = Non-vault monster count
 E = Vault monster count
 F = Vault count percentage of total count
                 A         B        C        D         E       F
            +---------+---------+-------+---------+---------+-------
      Total |      78 |       3 |   3.7 |      41 |       2 |   4.7
            +---------+---------+-------+---------+---------+-------
        D:1 |      34 |       3 |   8.1 |      17 |       2 |  10.5
        D:2 |      34 |       0 |   0.0 |      18 |       0 |   0.0
        D:3 |      10 |       0 |   0.0 |       6 |       0 |   0.0
            +---------+---------+-------+---------+---------+-------
